Map: [ESL] Hard Lead

Players

Rescue

  • Race: Zerg Zerg
  • League: Grandmaster
  • Spawn Location: 5:00

Dark - Winner!

  • Race: Zerg Zerg
  • Spawn Location: 11:00

VOD

Have the link to the VOD?

Description

Time

  • Played on: Feb. 26, 2024, 6:50 p.m.
  • Length: 8:29
Show
View Real Time Build Order
Export as new Build Order

Rescue Zerg 

Build Orders: Hatch First 

Get SALT Encoding   

  12  0:00  Drone  
  13  0:08  Drone  
  14  0:15  Extractor, Drone  
  15  0:37  Hatchery  
  15  0:42  Extractor  
  13  0:43  Drone  
  13  0:49  Overlord  
  15  1:07  Spawning Pool  
  15  1:10  Drone  
  15  1:14  Drone  
  15  1:16  Drone  
  17  1:21  Drone  
  17  1:23  Extractor  
  17  1:34  Drone  
  18  1:43  Drone  
  19  1:53  Queen x2  
  23  1:54  Drone x2  
  23  2:01  Zergling x2  
  26  2:06  Overlord  
  26  2:12  Drone  
  26  2:15  Drone  
  28  2:26  Drone x2  
  28  2:27  Metabolic Boost  
  30  2:44  Drone x2  
  30  2:45  Hatchery  
  30  2:48  Drone x2  
  33  2:55  Zergling x2  
  33  2:58  Zergling x2  
  34  3:07  Overlord  
  34  3:09  Baneling Nest  
  34  3:11  Drone x3  
  36  3:26  Zergling x8  
  39  3:32  Zergling x2, Roach Warren  
  39  3:38  Overlord  
  39  3:41  Zergling x10  
  44  3:48  Overlord  
  44  3:52  Baneling x2  
  43  3:57  Baneling  
  43  4:00  Overlord  
  42  4:05  Drone x5  
  46  4:10  Baneling x2  
  46  4:12  Drone x3  
  46  4:14  Drone  
  50  4:18  Drone x2  
  50  4:23  Drone x2, Extractor  
  52  4:32  Zergling x4  
  52  4:38  Baneling  
  53  4:39  Roach  
  53  4:42  Roach  
  57  4:55  Drone x4  
  57  4:57  Drone x3  
  57  4:58  Evolution Chamber  
  63  5:13  Roach x2  
  66  5:14  Evolution Chamber  
  66  5:19  Extractor  
  66  5:20  Extractor  
  66  5:21  Overlord  
  63  5:22  Hatchery  
  63  5:24  Overlord  
  63  5:25  Overlord  
  63  5:26  Drone  
  63  5:29  Roach x2  
  68  5:39  Hatchery  
  68  5:41  Roach x5  
  76  5:47  Roach  
  74  5:52  Lair  
  74  5:56  Overlord x2  
  74  6:00  Zerg Missile Weapons Level 1  
  74  6:03  Roach x2  
  77  6:06  Roach  
  78  6:12  Overlord  
  78  6:14  Roach x3  
  78  6:15  Spine Crawler  
  83  6:24  Roach x3  
  89  6:26  Drone  
  89  6:30  Drone  
  91  6:34  Roach x3  
  91  6:37  Roach  
  99  6:43  Roach  
  101  6:49  Glial Reconstitution  
  101  6:52  Queen  
  103  6:54  Overseer  
  103  6:57  Drone x9  
  112  7:04  Roach x2  
  116  7:08  Drone  
  117  7:16  Roach x2  
  117  7:20  Overlord  
  121  7:26  Overlord x5  
  121  7:40  Ravager x6  
  121  7:42  Roach  
  129  7:44  Zergling x14  
  129  7:48  Roach  
  138  7:53  Roach  
  138  7:55  Roach x5  
  154  7:58  Roach x2  
  152  8:08  Roach x4  
Show
View Real Time Build Order
Export as new Build Order

Dark Zerg - Winner!

Build Orders: Hatch First 

Get SALT Encoding   

  12  0:00  Drone  
  13  0:13  Overlord  
  13  0:17  Drone  
  14  0:32  Drone x2  
  16  0:50  Hatchery  
  16  0:53  Drone  
  16  0:55  Drone  
  17  0:58  Drone  
  18  1:11  Extractor  
  17  1:14  Spawning Pool  
  17  1:16  Drone  
  17  1:20  Drone  
  18  1:29  Drone  
  19  1:41  Drone  
  20  1:53  Drone  
  21  2:02  Queen x2  
  21  2:04  Zergling x2  
  21  2:07  Overlord  
  26  2:12  Drone  
  27  2:15  Metabolic Boost  
  27  2:18  Drone  
  28  2:25  Drone  
  28  2:27  Drone  
  30  2:37  Zergling x2  
  30  2:38  Drone  
  32  2:45  Overlord, Hatchery  
  32  2:47  Drone  
  32  2:55  Baneling Nest  
  32  2:57  Drone  
  32  2:58  Drone  
  33  3:08  Zergling x4  
  35  3:14  Zergling x10  
  35  3:16  Zergling x2  
  41  3:23  Overlord  
  41  3:26  Zergling x2  
  41  3:35  Zergling x4  
  41  3:40  Baneling  
  43  3:44  Zergling x12  
  49  3:49  Baneling x2  
  48  3:55  Drone  
  48  3:58  Drone  
  49  4:04  Drone x3  
  49  4:06  Roach Warren  
  49  4:10  Drone x2  
  49  4:11  Drone  
  49  4:15  Baneling x2  
  52  4:17  Drone x2  
  52  4:18  Drone x2  
  52  4:20  Extractor, Drone  
  52  4:22  Drone  
  57  4:25  Drone  
  57  4:28  Overlord  
  57  4:31  Overlord  
  57  4:40  Extractor  
  57  4:41  Drone x3  
  57  4:42  Baneling  
  57  4:43  Baneling  
  57  4:50  Drone x5  
  57  4:51  Drone  
  57  4:52  Drone x2  
  65  4:56  Queen  
  67  5:04  Drone x2  
  67  5:05  Drone x2  
  70  5:14  Evolution Chamber  
  67  5:17  Spore Crawler  
  67  5:18  Roach x3  
  73  5:25  Overlord  
  73  5:26  Overlord  
  73  5:27  Lair  
  73  5:41  Overlord  
  72  5:46  Roach x5  
  72  5:47  Drone x4  
  72  5:49  Zerg Missile Weapons Level 1  
  83  5:55  Drone  
  84  5:58  Drone x2  
  84  6:02  Roach x2  
  84  6:03  Drone  
  90  6:10  Extractor, Roach x4  
  96  6:11  Extractor  
  96  6:12  Roach  
  97  6:19  Overlord  
  97  6:20  Overlord  
  97  6:21  Overlord  
  97  6:22  Overlord  
  97  6:26  Glial Reconstitution  
  97  6:32  Overseer  
  97  6:38  Roach x4  
  97  6:39  Roach x4  
  113  6:40  Roach  
  113  6:44  Overlord  
  115  6:50  Roach x5  
  125  6:56  Roach  
  125  6:57  Roach  
  129  7:02  Overlord  
  129  7:04  Roach x2  
  129  7:05  Roach  
  129  7:06  Roach  
  137  7:09  Overlord  
  137  7:10  Overlord x2  
  137  7:16  Overlord  
  137  7:18  Overlord  
  137  7:21  Overlord  
  137  7:22  Roach x4  
  145  7:26  Overlord  
  145  7:27  Overlord  
  145  7:31  Roach x2  
  145  7:32  Ravager  
  145  7:33  Ravager x3  
  145  7:35  Roach x2  
  145  7:36  Roach  
  159  7:39  Roach x2  
  159  7:41  Roach  
  165  7:44  Roach  
  165  7:48  Roach x3  
  165  7:51  Roach  
  175  7:52  Roach  
  175  7:58  Roach  
  179  8:00  Roach x2  
Tags
 
Add a new tag
Caveats
  • Supply blocks, unpowered buildings, or Contaminate may cause inaccurate times.
  • Supply counts are checked every 10 seconds.